 Dungeon Crawl Stone Soup version 0.20.1-1-g8b1a95d (webtiles) character file.

9145 wyrdjoy the Severer (level 11, -1/123 HPs)
             Began as a Minotaur Berserker on July 27, 2017.
             Was a High Priest of Trog.
             Slain by a water moccasin (6 damage)
             ... on level 1 of the Lair of Beasts.
             The game lasted 00:20:38 (11382 turns).

wyrdjoy the Severer (Minotaur Berserker)           Turns: 11382, Time: 00:20:40

Health: -1/123     AC: 12    Str: 30    XL:     11   Next: 19%
Magic:  10/10      EV:  8    Int:  4    God:    Trog [*****.]
Gold:   319        SH:  0    Dex: 10    Spells: 10/10 levels left

rFire    . . .     SeeInvis .   J - +2 battleaxe (flame)
rCold    . . .     Gourm    .   (shield currently unavailable)
rNeg     . . .     Faith    .   F - +0 plate armour
rPois    .         Spirit   .   (helmet restricted)
rElec    .         Reflect  .   (no cloak)
rCorr    +         Harm     .   d - +0 pair of gloves
MR       .....                  (no boots)
Stlth    ..........             (no amulet)
Regen    0.3/turn               A - ring of resist corrosion
MPRegen  0.2/turn               (no ring)

@: berserking, lethally poisoned (-1 -> -20), starving, very quick
A: retaliatory headbutt, horns 2
a: Berserk, Trog's Hand, Brothers in Arms, Burn Spellbooks, Renounce Religion


You were on level 1 of the Lair of Beasts.
You worshipped Trog.
Trog was extremely pleased with you.
You were starving.

You visited 2 branches of the dungeon, and saw 10 of its levels.

You collected 514 gold pieces.
You spent 195 gold pieces at shops.

Inventory:

Hand Weapons
 J - a +2 battleaxe of flaming (weapon)
Armour
 d - a +0 pair of gloves (worn)
 F - a +0 plate armour (worn)
Jewellery
 A - a ring of resist corrosion (left hand)
 I - a +3 ring of evasion {unknown}
Wands
 k - a wand of digging (16/24)
 p - a wand of polymorph (14/24)
 s - a wand of acid (9/15)
 E - a wand of confusion (21/48)
 K - a wand of enslavement (11/24)
Scrolls
 c - a scroll of noise {unknown}
 e - 4 scrolls of identify
 f - a scroll of blinking {unknown}
 i - 6 scrolls of enchant armour {unknown}
 l - a scroll of amnesia {unknown}
 m - 4 scrolls of teleportation
 q - 2 scrolls of magic mapping {unknown}
 t - a scroll of fear {unknown}
 u - a scroll of remove curse {unknown}
 w - 2 scrolls of fog {unknown}
 y - a scroll of immolation {unknown}
 H - a scroll of holy word {unknown}
Potions
 b - 6 potions of haste
 h - 2 potions of flight {unknown}
 n - a potion of mutation {unknown}
 o - 2 potions of heal wounds {unknown}
 r - a potion of magic {unknown}
 x - a potion of invisibility {unknown}
 z - 2 potions of degeneration {unknown}
 B - 4 potions of curing {unknown}
 C - a potion of resistance {unknown}
 G - 2 potions of ambrosia
Comestibles
 g - 5 bread rations
 j - 7 royal jellies
 v - 4 meat rations
 D - a fruit


   Skills:
 - Level 3.6 Fighting
 + Level 19.2 Axes
 - Level 2.4 Armour
 - Level 2.1 Dodging


You had 10 spell levels left.
You didn't know any spells.

Dungeon Overview and Level Annotations

Branches:
Dungeon (9/15)             Temple (0/1) D:7            Lair (1/6) D:8
    Orc: D:9-12

Altars:
Gozag
Qazlal
The Shining One

Shops:
D:5 ***   D:6 :


Innate Abilities, Weirdness & Mutations

You reflexively headbutt those who attack you in melee.
You have a pair of horns on your head.


Message History

You feel sick. The water moccasin bites you.
* * * LOW HITPOINT WARNING * * *
A crocodile comes into view.
You are too berserk!
You barely miss the water moccasin.
The water moccasin is severely wounded.
You slice the yak!! You burn the yak.
You feel the power of Trog in you as your rage grows.
You kill the yak!
Trog accepts your kill.
* * * LOW HITPOINT WARNING * * *
You feel sick.
A yak comes into view.
Your plate armour prevents you from hitting the water moccasin.
The yak bellows!
Your headbutt misses the water moccasin.
The water moccasin is severely wounded.
* * * LOW HITPOINT WARNING * * *
You feel sick. The water moccasin bites you.
You die...

##..$........#
##..........##
#......†....###
###...>........P#
#...............##
##................##
###...#..............#
#.....#...............
#....@...>............
#..../.†S.>..(..........
#...............?#......
#...Y...................
#YY.....................
Y.Y.....................
t.............. ........
....$.......... .......
......


You could see 5 yaks, a water moccasin and a crocodile.

Vanquished Creatures
  A hydra (Lair:1)
  A two-headed ogre (D:9)
  Pikel (D:9)
  The ghost of Kajir the Frost Mage, a novice DEIE of Sif Muna (D:8)
  Joseph (D:8)
  3 komodo dragons (D:8)
  The ghost of biffMalibu the Slasher, an amateur BaFi (D:4)
  Grinder (D:3)
  A hippogriff (D:8)
  7 yaks (Lair:1)
  Eustachio (D:5)
  An acid dragon (D:8)
  A water moccasin (D:8)
  2 sky beasts (D:6)
  A black bear (D:7)
  3 orc warriors
  2 slaves (D:9)
  A necrophage (D:7)
  5 ogres
  A phantom (D:8)
  4 crocodiles
  2 big kobolds
  6 bullfrogs
  A scorpion (D:7)
  6 killer bees (D:9)
  3 wights (D:8)
  3 jellies
  4 crimson imps
  5 orc priests
  A centaur zombie (D:8)
  2 centaur skeletons (D:8)
  5 hounds
  A bullfrog skeleton (D:7)
  5 iguanas
  6 orc wizards
  Natasha (thrice) (D:2)
  5 worker ants
  A killer bee zombie (D:7)
  A hound skeleton (D:9)
  A howler monkey zombie (D:6)
  5 gnolls
  A river rat (D:4)
  14 adders
  A shadow imp (D:7)
  An adder skeleton (D:8)
  An adder zombie (D:6)
  2 worms (D:2)
  2 dart slugs
  3 leopard geckos
  24 orcs
  11 bats
  4 giant cockroaches
  6 goblins
  7 hobgoblins
  35 jackals
  13 kobolds
  2 quokkas
  3 ball pythons
  5 frilled lizards
  A leopard gecko skeleton (D:7)
  A leopard gecko zombie (D:8)
  12 rats
  A plant (D:1)
256 creatures vanquished.

Vanquished Creatures (others)
  2 slaves (D:9)
  4 plants (D:1)
6 creatures vanquished.

Grand Total: 262 creatures vanquished

Notes
Turn   | Place    | Note
-------+----------+-------------------------------------------
     0 | D:1      | wyrdjoy the Minotaur Berserker began the quest for the Orb.
     0 | D:1      | Reached XP level 1. HP: 19/19 MP: 0/0
    46 | D:1      | Reached skill level 4 in Axes
   324 | D:1      | Reached XP level 2. HP: 18/26 MP: 1/1
  1039 | D:1      | Reached skill level 5 in Axes
  1494 | D:1      | Reached XP level 3. HP: 31/31 MP: 2/2
  1803 | D:2      | Reached ** piety under Trog
  1823 | D:2      | Noticed Natasha
  1829 | D:2      | Killed Natasha
  1829 | D:2      | Reached skill level 6 in Axes
  1829 | D:2      | Reached XP level 4. HP: 39/39 MP: 3/3
  1985 | D:2      | Noticed Natasha
  2001 | D:2      | Killed Natasha
  2168 | D:2      | Reached XP level 5. HP: 45/45 MP: 4/4
  2169 | D:2      | Noticed Natasha
  2174 | D:2      | Killed Natasha
  2174 | D:2      | Reached skill level 7 in Axes
  2540 | D:3      | Reached *** piety under Trog
  2561 | D:3      | Noticed Grinder
  2576 | D:3      | Killed Grinder
  2576 | D:3      | Reached skill level 9 in Axes
  2576 | D:3      | Reached XP level 6. HP: 51/51 MP: 5/5
  3412 | D:4      | Reached XP level 7. HP: 40/57 MP: 6/6
  3601 | D:4      | Noticed biffMalibu's ghost (amateur BaFi)
  3607 | D:4      | Killed biffMalibu's ghost
  3607 | D:4      | Reached skill level 10 in Axes
  3707 | D:4      | Reached **** piety under Trog
  3853 | D:4      | Reached skill level 11 in Axes
  4265 | D:4      | Reached XP level 8. HP: 57/64 MP: 7/7
  4666 | D:5      | Entered Level 5 of the Dungeon
  5262 | D:5      | Found Gozag's Platinum Reserve.
  5266 | D:5      | Found an opulent altar of Gozag.
  5314 | D:5      | Found Huqu's Assorted Antiques.
  5554 | D:5      | Reached skill level 12 in Axes
  5615 | D:5      | Found Limuxedo's General Store.
  5618 | D:5      | Noticed Eustachio
  5630 | D:5      | Killed Eustachio
  5665 | D:5      | Bought a scroll of teleportation for 39 gold pieces
  5665 | D:5      | Bought a potion of haste for 130 gold pieces
  5665 | D:5      | Bought a scroll of identify for 26 gold pieces
  5777 | D:6      | Reached skill level 13 in Axes
  6030 | D:6      | Found Sirekh's Book Emporium.
  6433 | D:6      | Reached XP level 9. HP: 67/70 MP: 8/8
  6576 | D:6      | Reached skill level 14 in Axes
  6739 | D:7      | Found a glowing golden altar of the Shining One.
  6746 | D:7      | Reached ***** piety under Trog
  7368 | D:7      | Reached skill level 15 in Axes
  7592 | D:7      | Found a stormy altar of Qazlal.
  7716 | D:7      | Found a staircase to the Ecumenical Temple.
  8356 | D:8      | Reached skill level 16 in Axes
  8807 | D:8      | Reached XP level 10. HP: 62/77 MP: 9/9
  8859 | D:8      | Noticed Kajir's ghost (novice DEIE)
  8871 | D:8      | Killed Kajir's ghost
  8937 | D:8      | Noticed Joseph
  8954 | D:8      | Killed Joseph
  9373 | D:8      | Reached skill level 17 in Axes
  9670 | D:8      | Found a staircase to the Lair.
  9913 | D:8      | Received a gift from Trog
  9989 | D:9      | Noticed a two-headed ogre
 10221 | D:9      | Killed a two-headed ogre
 10221 | D:9      | Reached skill level 18 in Axes
 10601 | D:9      | Noticed Pikel
 10619 | D:9      | Killed Pikel
 11139 | Lair:1   | Entered Level 1 of the Lair of Beasts
 11174 | Lair:1   | Noticed a five-headed hydra
 11181 | Lair:1   | Killed a one-headed hydra
 11181 | Lair:1   | Reached XP level 11. HP: 51/82 MP: 10/10
 11375 | Lair:1   | Reached skill level 19 in Axes
 11380 | Lair:1   | HP: 6/123 [water moccasin (1)]
 11382 | Lair:1   | Slain by a water moccasin

Skill      XL: |  1  2  3  4  5  6  7  8  9 10 11 |
---------------+----------------------------------+-----
Axes           | 4 5 6 9 11 13 16 18 19 | 19.2
Fighting       | |  3.6
Armour         | |  2.4
Dodging        | |  2.1

Action                   |  1- 3 |  4- 6 |  7- 9 | 10-12 || total
-------------------------+-------+-------+-------+-------++-------
Melee: Hand axe          |   139 |   146 |   422 |    93 ||   800
       Headbutt          |    25 |    26 |    85 |    39 ||   175
       Unarmed           |       |     4 |       |       ||     4
       Battleaxe         |       |       |       |    82 ||    82
Invok: Berserk           |     2 |     1 |     7 |     8 ||    18
       Trog's Hand       |       |       |     1 |       ||     1
  Use: Scroll            |       |       |     2 |     1 ||     3
       Potion            |       |       |       |     1 ||     1
 Stab: Confused          |       |     1 |       |       ||     1
  Eat: Bread ration      |     1 |       |       |       ||     1
       Chunk             |       |     7 |    23 |    11 ||    41
       Fruit             |       |       |       |     4 ||     4
Armor: Animal skin       |     6 |       |       |       ||     6
       Ring mail         |    17 |    65 |    12 |       ||    94
       Plate armour      |       |       |   120 |    61 ||   181
Dodge: Dodged            |    61 |    89 |    98 |    49 ||   297
